AoeStats
← cargoyle

Arena

510576014Analyzed
1v1 RM · 8h ago on Oct 1, 2026· 47m 41s· 2 players
Game mode
Random Map
Map size
Tiny (2 player)
Population
200
Speed
Normal
Resources
Standard
Victory
Conquest
Starting age
Dark Age
Ending age
Imperial Age
RankedLock teamsTeams togetherTeam positionsShared explorationLock speedFull tech treeHidden civsTurbo modeCheats
Victory
Defeat
🇨🇦 Varangians · Canada
726
+17
🇸🇰 Burgundians · Slovakia
745
-17
cargoyle
8:27 Loom
14:15 Feudal Age
19:02 Castle Age
17:00 Double-Bit Axe
16:56 Horse Collar
19:21 Forging
19:47 Light Cavalry
26:24 Wheelbarrow
28:08 Squires
28:00 Gambesons
28:01 Arson
29:58 Scale Mail Armor
30:34 Iron Casting
36:03 Bow Saw
35:55 Heavy Plow
37:05 Pikeman
38:31 Chain Mail Armor
38:25 Pikeman
39:25 Hand Cart
41:48 Imperial Age
42:20 Gold Mining
42:10 Gothikon
43:36 Elite Varangian Guard
44:13 Halberdier
asa.smolkova
4:20 Loom
8:24 Double-Bit Axe
11:15 Feudal Age
10:29 Horse Collar
15:27 Heavy Plow
17:25 Bow Saw
21:20 Castle Age
21:52 Gold Mining
22:15 Husbandry
23:38 Two-Man Saw
22:54 Squires
23:26 Cavalier
24:13 Scale Mail Armor
24:18 Scale Barding Armor
26:40 Pikeman
28:05 Burgundian Vineyards
28:41 Chain Barding Armor
28:37 Chain Mail Armor
28:16 Light Cavalry
30:05 Forging
34:42 Fortified Wall
44:24 Imperial Age
44:43 Capped Ram
Connection lost

Rejoining the realm…

Still unreachable

The connection could not be restored.

Session expired

The server has moved on; the page needs a fresh start.